 Dungeon Crawl Stone Soup version 0.25-a0-404-gc1b5a34292 (webtiles) character file.

Game seed: 6540192725976168655, levelgen mode: deterministic

9 Jerej03 the Gusty (level 2, -7/20 HPs)
             Began as a Draconian Air Elementalist on Jan 11, 2020.
             Mangled by a worm (11 damage)
             ... on level 2 of the Dungeon.
             The game lasted 00:03:22 (498 turns).

Jerej03 the Gusty (Draconian Air Elementalist)       Turns: 498, Time: 00:03:23

Health: -7/20      AC:  4    Str:  7 (10) XL:     2   Next: 3%
Magic:  0/5        EV: 12    Int: 12 (15) God:
Gold:   76         SH:  0    Dex: 10 (11) Spells: 4/5 levels left

rFire    . . .     SeeInvis .   c - +0 short sword
rCold    . . .     Gourm    .   (no shield)
rNeg     . . .     Faith    .   (armour unavailable)
rPois    .         Spirit   .   (helmet restricted)
rElec    .         Reflect  .   (no cloak)
rCorr    .         Harm     .   (no gloves)
MR       .....                  (no boots)
Stlth    ++........             (no amulet)
HPRegen  0.06/turn              (no ring)
MPRegen  0.09/turn              (no ring)

@: no status effects
A: unfitting armour, cold-blooded, AC +4
a: no special abilities


You were on level 2 of the Dungeon.
You were not hungry.

You visited 1 branch of the dungeon, and saw 2 of its levels.

You collected 76 gold pieces.

Inventory:

Hand Weapons
 c - a +0 short sword (weapon)
Jewellery
 d - an uncursed amulet of guardian spirit {unknown}
Scrolls
 a - a scroll of remove curse
Comestibles
 b - 2 rations


   Skills:
 + Level 1.8 Dodging
 + Level 1.9 Stealth
 + Level 0.4 Unarmed Combat
 + Level 2.0 Spellcasting
 + Level 1.0 Conjurations
 + Level 3.3 Air Magic


You had 4 spell levels left.
You knew the following spells:

 Your Spells              Type           Power        Failure   Level  Hunger
a - Shock                 Conj/Air       #...         11%         1    ##.....

Your spell library contained the following spells:

 Spells                   Type           Power        Failure   Level  Hunger
 Swiftness                Chrm/Air       #.......     21%         2    ###....
 Static Discharge         Conj/Air       #.......     32%         3    ####...
 Airstrike                Air            #.........   56%         4    #####..
 Lightning Bolt           Conj/Air       #.........   97%         5    ######.


Dungeon Overview and Level Annotations

Branches:
Dungeon (2/15)

Altars:


Innate Abilities, Weirdness & Mutations

Your plain brown scales are hard. (AC +4)
You cannot fit into any form of body armour.
You are cold-blooded and may be slowed by cold attacks.


Message History

You hit the worm but do no damage. You tail-slap the worm.
The worm is severely wounded.
Casting: Shock (safe; 11% risk of failure)
Confirm with . or Enter, or press ? or * to list all spells.
Aiming: Shock (safe; 11% risk of failure)
Press: ? - help, Shift-Dir - straight line, f/p - worm
Aim: a worm (severely wounded)
The zap hits the worm.
The worm is severely wounded.
The worm bites you.
* * * LOW HITPOINT WARNING * * *
You completely miss the worm.
The worm is severely wounded.
The worm closely misses you. The worm barely misses you.
You hit the worm but do no damage. You tail-slap the worm.
The worm is severely wounded.
The worm bites you!
Ouch! That really hurt!
You die...

........# .#
........###.##
#######......#
#####.......#
######.......###..
#...##.#<.........
#..<##...#######..
#...#...##
#@...†.## #.w.).##
#...### #...#
#...# #.(.# #####


You could see a worm.

Vanquished Creatures
  A bat (D:1)
  2 hobgoblins
  3 frilled lizards (D:1)
  A kobold (D:1)
  3 rats
10 creatures vanquished.

Notes
Turn   | Place    | Note
-------+----------+-------------------------------------------
     0 | D:1      | Jerej03 the Draconian Air Elementalist began the quest for
                  | the Orb.
     0 | D:1      | Reached XP level 1. HP: 14/14 MP: 3/3
   481 | D:2      | Reached XP level 2. HP: 20/20 MP: 0/5
   498 | D:2      | Mangled by a worm

Levels and vault maps discovered:
D:1:      kennysheep_arrival_forest, layout_rooms
D:2:      layout_rooms, okawaru_trees_1, serial_undead, serial_undead_f,
          serial_undead_a, serial_undead_c, serial_undead_d, serial_undead_f,
          serial_undead_b, serial_undead_b, fedhas_ov_isle_minmay

Action                   || total
-------------------------++-------
Melee: Short sword       ||    15
       Unarmed           ||     5
       Tailslap          ||     3
 Cast: Shock             ||    19
  Use: Potion            ||     3
       Scroll            ||     2
Armor: Skin              ||    18
Dodge: Dodged            ||    23

Table legend:
 A = Non-vault XP
 B = Vault XP
 C = Vault XP percentage of total XP
 D = Non-vault monster count
 E = Vault monster count
 F = Vault count percentage of total count
                 A         B        C        D         E       F
            +---------+---------+-------+---------+---------+-------
      Total |      13 |       0 |   0.0 |      10 |       0 |   0.0
            +---------+---------+-------+---------+---------+-------
        D:1 |      10 |       0 |   0.0 |       8 |       0 |   0.0
        D:2 |       3 |       0 |   0.0 |       2 |       0 |   0.0
            +---------+---------+-------+---------+---------+-------
